Map: Jagannatha LE

Players

Armani - Winner!

  • Race: Zerg Zerg
  • Spawn Location: 1:00

Nice

  • Race: Protoss Protoss
  • Spawn Location: 7:00

Event: IEM Katowice 2021

VOD

Have the link to the VOD?

Description

Time

  • Played on: Feb. 20, 2021, 1:15 p.m.
  • Length: 10:37

All games in this series

Show
View Real Time Build Order
Export as new Build Order

Armani Zerg - Winner!

Build Orders: Hatch First 

Get SALT Encoding   

  12  0:00  Drone  
  13  0:11  Overlord  
  13  0:16  Drone  
  14  0:30  Drone x2  
  16  0:51  Hatchery  
  16  0:52  Drone  
  16  0:55  Drone  
  17  0:58  Drone  
  18  1:09  Extractor  
  17  1:14  Spawning Pool  
  17  1:18  Drone  
  17  1:22  Drone  
  18  1:28  Drone  
  19  1:37  Drone  
  20  1:49  Drone  
  22  2:01  Zergling x2  
  22  2:02  Queen  
  22  2:03  Queen  
  22  2:05  Overlord  
  26  2:11  Metabolic Boost  
  26  2:14  Drone x2  
  28  2:24  Zergling x2  
  29  2:34  Hatchery  
  28  2:39  Drone x2  
  28  2:43  Drone x2  
  32  2:51  Queen  
  32  2:54  Overlord  
  32  2:57  Drone  
  35  2:59  Drone  
  36  3:09  Overlord  
  36  3:13  Zergling x2  
  36  3:14  Zergling x6  
  36  3:15  Drone  
  41  3:24  Drone  
  41  3:26  Drone  
  43  3:29  Queen  
  43  3:33  Overlord  
  45  3:36  Drone  
  46  3:42  Overlord  
  46  3:46  Drone  
  46  3:47  Drone x2  
  49  3:50  Queen  
  49  3:52  Drone  
  49  3:53  Drone  
  49  3:55  Drone  
  53  3:57  Spore Crawler  
  53  4:00  Drone, Spore Crawler  
  52  4:05  Drone  
  52  4:06  Evolution Chamber  
  52  4:08  Drone x2  
  54  4:14  Drone x3  
  54  4:16  Drone  
  58  4:18  Drone  
  58  4:19  Drone x2  
  60  4:24  Drone x3  
  60  4:28  Overlord  
  63  4:33  Zerg Melee Weapons Level 1  
  63  4:34  Drone  
  63  4:35  Drone  
  65  4:38  Drone  
  65  4:42  Overlord  
  65  4:43  Overlord  
  65  4:48  Drone x6  
  65  4:49  Drone  
  65  4:51  Extractor, Drone  
  72  4:57  Drone  
  73  5:00  Drone x3  
  73  5:01  Baneling Nest  
  73  5:06  Queen x2  
  79  5:18  Hatchery  
  79  5:19  Zergling x16  
  84  5:23  Roach Warren  
  83  5:28  Spore Crawler  
  83  5:29  Zergling x10  
  83  5:33  Extractor, Lair  
  83  5:34  Extractor  
  85  5:36  Overlord  
  85  5:37  Overlord  
  85  5:54  Zergling x2  
  85  5:55  Zergling x18  
  85  5:56  Baneling  
  85  5:57  Baneling x5  
  95  6:00  Baneling  
  95  6:03  Overlord  
  94  6:12  Zergling x8  
  90  6:35  Drone x2  
  90  6:36  Drone  
  90  6:37  Drone  
  90  6:39  Drone x9  
  100  6:40  Hydralisk Den, Zerg Melee Weapons Level 2  
  100  6:41  Drone  
  100  6:42  Extractor  
  100  6:43  Extractor  
  100  6:44  Drone  
  100  6:45  Drone  
  100  6:47  Drone  
  95  6:51  Drone  
  86  7:05  Evolution Chamber  
  86  7:06  Spore Crawler x2  
  86  7:07  Drone  
  86  7:08  Drone x3  
  85  7:09  Queen  
  85  7:11  Hydralisk x4  
  85  7:12  Grooved Spines, Spore Crawler  
  85  7:13  Zergling x10  
  85  7:14  Zergling x2  
  101  7:19  Drone x2  
  101  7:22  Overseer  
  102  7:24  Hydralisk x2  
  102  7:26  Overlord x3  
  102  7:29  Zergling x4  
  108  7:31  Drone  
  108  7:32  Zerg Missile Weapons Level 1, Overlord  
  109  7:42  Hydralisk  
  109  7:44  Overlord x2, Pneumatized Carapace  
  111  7:45  Hydralisk x2  
  111  7:47  Drone x2  
  111  7:48  Drone x5  
  111  7:49  Extractor  
  121  7:55  Centrifical Hooks  
  121  7:57  Drone x2  
  123  8:01  Extractor  
  123  8:03  Hydralisk x3  
  128  8:07  Overlord  
  128  8:08  Drone  
  128  8:10  Drone  
  130  8:16  Overseer  
  129  8:24  Hydralisk x6  
  141  8:30  Drone x2  
  141  8:31  Spore Crawler  
  141  8:32  Hydralisk x2, Hatchery, Spore Crawler  
  144  8:34  Zergling x10  
  144  8:35  Zergling x10  
  144  8:38  Drone  
  144  8:41  Infestation Pit  
  154  8:51  Hydralisk  
  154  8:52  Hydralisk x5  
  154  8:54  Overlord x4  
  154  8:55  Overlord  
  166  8:56  Overlord  
  166  9:02  Overlord  
  166  9:03  Overlord  
  166  9:04  Baneling  
  166  9:05  Baneling x3  
  166  9:06  Overlord  
  166  9:09  Baneling x13  
  166  9:18  Hydralisk x4  
  166  9:21  Hydralisk x2  
  178  9:27  Zergling x12  
  184  9:34  Baneling x6  
  184  9:38  Drone  
  182  9:55  Hydralisk  
  182  9:56  Hydralisk x5  
  182  9:59  Zergling x14  
Show
View Real Time Build Order
Export as new Build Order

Nice Protoss 

Build Orders: 1 Gate Expand, Oracle Opening 

Get SALT Encoding   

  12  0:00  Probe  
  13  0:12  Probe  
  14  0:20  Pylon  
  14  0:24  Probe  
  15  0:38  Probe (Chrono Boost)  
  15  0:41  Gateway  
  17  0:50  Probe (Chrono Boost)  
  17  0:51  Assimilator  
  17  0:54  Probe (Chrono Boost)  
  18  1:04  Probe  
  19  1:16  Probe  
  20  1:29  Nexus  
  20  1:41  Cybernetics Core  
  20  1:46  Assimilator  
  20  1:48  Probe  
  21  1:57  Pylon  
  21  2:00  Probe  
  22  2:10  Probe  
  22  2:15  Adept (Chrono Boost)  
  23  2:18  Probe  
  25  2:26  Stargate  
  25  2:27  Probe  
  27  2:37  Adept, Warp Gate  
  30  2:44  Probe (Chrono Boost)  
  30  2:46  Probe (Chrono Boost)  
  31  2:53  Probe (Chrono Boost)  
  31  2:55  Probe (Chrono Boost)  
  33  2:58  Probe  
  33  3:01  Void Ray (Chrono Boost)  
  33  3:05  Probe  
  35  3:11  Probe  
  40  3:17  Gateway  
  40  3:19  Probe  
  41  3:23  Probe  
  43  3:37  Oracle (Chrono Boost)  
  45  3:42  Pylon, Probe  
  45  3:45  Pylon  
  46  3:53  Probe  
  46  4:00  Probe  
  47  4:04  Nexus  
  47  4:05  Probe  
  48  4:11  Shield Battery  
  48  4:12  Probe  
  48  4:14  Oracle (Chrono Boost)  
  52  4:17  Probe  
  53  4:24  Assimilator, Probe  
  53  4:27  Assimilator  
  53  4:29  Probe  
  55  4:32  Pylon  
  55  4:36  Void Ray (Chrono Boost)  
  55  4:37  Probe  
  56  4:41  Probe  
  61  4:49  Probe  
  62  4:53  Shield Battery, Probe  
  62  4:57  Stargate  
  63  5:01  Probe  
  63  5:03  Pylon  
  63  5:05  Probe  
  65  5:13  Probe (Chrono Boost)  
  66  5:14  Void Ray  
  66  5:19  Probe (Chrono Boost)  
  72  5:21  Probe (Chrono Boost)  
  72  5:23  Protoss Air Weapons Level 1  
  72  5:25  Probe (Chrono Boost)  
  74  5:30  Probe (Chrono Boost)  
  74  5:32  Pylon  
  74  5:33  Probe x2 (Chrono Boost), Forge  
  76  5:35  Probe (Chrono Boost)  
  76  5:39  Probe  
  76  5:42  Assimilator, Probe  
  79  5:46  Probe  
  79  5:47  Assimilator  
  79  5:49  Void Ray  
  80  5:56  Void Ray, Probe x2  
  86  5:58  Probe  
  86  6:00  Pylon  
  86  6:02  Pylon  
  91  6:05  Adept  
  93  6:13  Probe  
  93  6:16  Sentry, Probe  
  93  6:17  Probe  
  98  6:19  Pylon  
  96  6:26  Probe  
  96  6:28  Probe  
  96  6:29  Probe  
  95  6:38  Probe  
  95  6:40  Probe  
  95  6:41  Probe  
  92  6:47  Void Ray, Zealot x2  
  92  6:50  Probe (Chrono Boost)  
  92  6:52  Probe (Chrono Boost)  
  92  6:53  Probe (Chrono Boost)  
  92  6:54  Void Ray, Pylon  
  94  7:02  Probe (Chrono Boost)  
  94  7:04  Probe (Chrono Boost)  
  94  7:05  Probe (Chrono Boost)  
  96  7:08  Probe (Chrono Boost)  
  96  7:11  Fleet Beacon, Pylon  
  96  7:12  Zealot, Probe x2 (Chrono Boost)  
  101  7:23  Stargate  
  101  7:25  Probe  
  101  7:27  Gateway  
  102  7:37  Pylon, Gateway  
  102  7:41  Pylon  
  102  7:42  Pylon  
  102  7:52  Carrier (Chrono Boost)  
  114  8:00  Carrier (Chrono Boost)  
  114  8:07  Photon Cannon  
  114  8:08  Zealot x2  
  114  8:09  Photon Cannon  
  117  8:16  Protoss Air Weapons Level 2 (Chrono Boost)  
  119  8:37  Gateway  
  119  8:39  Carrier (Chrono Boost)  
  119  8:40  Gateway  
  119  8:43  Flux Vanes, Gateway  
  119  8:45  Photon Cannon  
  119  8:46  Pylon  
  119  8:56  Shield Battery  
  119  8:58  Carrier (Chrono Boost), Shield Battery, Zealot  
  119  8:59  Shield Battery  
  127  9:09  Carrier (Chrono Boost)  
  133  9:14  Sentry  
  135  9:25  Twilight Council  
  135  9:26  Gateway  
  135  9:33  Photon Cannon  
  135  9:34  Photon Cannon x2  
  135  9:35  Shield Battery, Sentry x3  
  141  9:38  Pylon  
  141  9:46  Shield Battery, Photon Cannon  
  141  9:47  Shield Battery  
  137  9:53  Tempest  
  136  10:11  Zealot x4  

Tags
 
Add a new tag
Caveats
  • Supply blocks, unpowered buildings, or Contaminate may cause inaccurate times.
  • Supply counts are checked every 10 seconds.